 Dungeon Crawl Stone Soup version 0.21-a0-352-g5b8f553 (webtiles) character file.

46 tidbits the Grave Robber (level 3, -1/25 HPs)
             Began as a Gnoll Wanderer on Oct 10, 2017.
             Slain by an adder (3 damage)
             ... on level 3 of the Dungeon.
             The game lasted 00:03:22 (403 turns).

tidbits the Grave Robber (Gnoll Wanderer)            Turns: 403, Time: 00:03:22

Health: -1/25      AC:  6    Str: 15    XL:     3   Next: 66%
Magic:  7/7        EV: 14    Int: 13    God:
Gold:   65         SH:  0    Dex: 15    Spells: 5/7 levels left

rFire    . . .     SeeInvis .   i - +0 dagger (drain)
rCold    . . .     Gourm    .   (no shield)
rNeg     . . .     Faith    .   B - +3 leather armour
rPois    .         Spirit   .   (no helmet)
rElec    .         Reflect  .   (no cloak)
rCorr    .         Harm     .   (no gloves)
MR       .....                  (no boots)
Stlth    ++........             (no amulet)
HPRegen  0.08/turn              (no ring)
MPRegen  0.10/turn              (no ring)

@: lethally poisoned (-1 -> -7)
A: distributed training, fangs 1, strong nose
a: no special abilities


You were on level 3 of the Dungeon.
You were not hungry.

You visited 1 branch of the dungeon, and saw 3 of its levels.

You collected 65 gold pieces.

Inventory:

Hand Weapons
 a - a +0 morningstar
 d - a +0 club
 e - a +0 dagger
 i - a +0 dagger of draining (weapon)
   (You found it on level 3 of the Dungeon)
Missiles
 g - 14 bolts
Armour
 B - a +3 leather armour (worn)
Wands
 l - a wand of confusion (15/48)
Scrolls
 j - a scroll of fear {unknown}
Potions
 h - a potion of lignification {unknown}
Books
 b - the Catalogue of Enchantment

   Spells                             Type                      Level
   a - Confusing Touch                Hexes                        1
   b - Tukima's Dance                 Hexes                        3
 c - the Catalogue of Evil

   Spells                             Type                      Level
   a - Animate Skeleton               Necromancy                   1
   b - Vampiric Draining              Necromancy                   3
Comestibles
 f - a bread ration
 k - 2 meat rations


   Skills:
 + Level 0.9 Fighting
 + Level 0.9 Short Blades
 + Level 0.9 Long Blades
 + Level 0.9 Axes
 + Level 0.9 Maces & Flails
 + Level 0.9 Polearms
 + Level 0.9 Staves
 + Level 0.9 Slings
 + Level 0.9 Bows
 + Level 0.9 Crossbows
 + Level 0.9 Throwing
 + Level 0.9 Armour
 + Level 4.5 Dodging
 + Level 4.2 Stealth
 + Level 0.9 Shields
 + Level 2.6 Unarmed Combat
 + Level 2.8 Spellcasting
 + Level 0.9 Conjurations
 + Level 0.9 Hexes
 + Level 0.9 Charms
 + Level 0.9 Summonings
 + Level 6.5 Necromancy
 + Level 0.9 Translocations
 + Level 0.9 Transmutations
 + Level 0.9 Fire Magic
 + Level 0.9 Ice Magic
 + Level 0.9 Air Magic
 + Level 0.9 Earth Magic
 + Level 2.6 Poison Magic
 + Level 0.9 Invocations
 + Level 0.9 Evocations


You had 5 spell levels left.
You knew the following spells:

 Your Spells              Type           Power        Failure   Level  Hunger
n - Animate Skeleton      Necr           N/A          1%          1    #......
t - Confusing Touch       Hex            #.....       21%         1    #......


Dungeon Overview and Level Annotations

Branches:
Dungeon (3/15)

Altars:


Innate Abilities, Weirdness & Mutations

Your experience applies equally to all skills.
You have very sharp teeth.
Your uncanny sense of smell can sniff out nearby items.


Message History

Press: ? - help, Shift-Dir - straight line, f - Yermak's ghost
Aim: Yermak's ghost, wielding a weapon of speed (chance to defeat MR: 53%) Yermak's ghost resists with significant effort.
This wand has 16 charges left.
Yermak's ghost closely misses you.
Evoke which item? (* to show all) (? for menu, Esc to quit)
Aiming: Confuse
Press: ? - help, Shift-Dir - straight line, f/p - Yermak's ghost
Aim: Yermak's ghost, wielding a weapon of speed (chance to defeat MR: 53%) Yermak's ghost appears confused.
This wand has 15 charges left.
You hit Yermak's ghost but do no damage.
You feel sick.
You see here a frilled lizard corpse.
You strike the helpless Yermak's ghost from behind!
You puncture Yermak's ghost!
Yermak's ghost is moderately damaged.
You hit Yermak's ghost but do no damage.
Yermak's ghost is moderately damaged.
You barely miss Yermak's ghost.
Yermak's ghost is moderately damaged.
You hit Yermak's ghost but do no damage.
Yermak's ghost is moderately damaged.
You feel sick.
You completely miss Yermak's ghost.
Yermak's ghost is moderately damaged.
Yermak's ghost closely misses you.
You hit Yermak's ghost but do no damage.
Yermak's ghost is moderately damaged.
You barely miss Yermak's ghost.
Yermak's ghost is moderately damaged.
You hit Yermak's ghost.
Yermak's ghost is moderately damaged.
You feel sick.
Yermak's ghost hits itself.
You see here 16 stones.
You hit Yermak's ghost but do no damage.
Yermak's ghost is heavily damaged.
Yermak's ghost completely misses you.
You catch the helpless Yermak's ghost completely off-guard!
You puncture Yermak's ghost!
You destroy Yermak's ghost!
You feel sick.
You are no longer poisoned.
Found 11 gold pieces.
You see here an adder corpse.
An adder comes into view.
Things that are here:
14 gold pieces; 14 bolts
g - 14 bolts You now have 65 gold pieces (gained 14).
The adder hisses angrily.
Okay, then.
You miss the adder. You bite the adder.
The adder is lightly wounded.
The adder bites you.
* * * LOW HITPOINT WARNING * * *
The adder closely misses you.
You miss the adder.
The adder is lightly wounded.
The adder barely misses you.
You closely miss the adder. You bite the adder, but do no damage.
The adder is lightly wounded.
The adder bites you.
* * * LOW HITPOINT WARNING * * *
You are poisoned.
The adder poisons you!
You closely miss the adder.
The adder is lightly wounded.
You feel sick. The adder misses you.
You closely miss the adder.
The adder is lightly wounded.
The adder barely misses you.
You hit the adder. You punch the adder.
The adder is heavily wounded.
You feel sick. The adder closely misses you.
The adder bites you but does no damage.
You miss the adder.
The adder is heavily wounded.
The adder misses you.
You closely miss the adder. Your bite misses the adder.
The adder is moderately wounded.
The adder bites you but does no damage.
You closely miss the adder.
The adder is moderately wounded.
You feel sick. The adder bites you but does no damage.
You miss the adder. You bite the adder, but do no damage.
The adder is moderately wounded.
The adder bites you.
* * * LOW HITPOINT WARNING * * *
You are lethally poisoned!
The adder poisons you!
You closely miss the adder.
The adder is moderately wounded.
* * * LOW HITPOINT WARNING * * *
You feel sick. The adder bites you.
* * * LOW HITPOINT WARNING * * *
The adder barely misses you.
You hit the adder but do no damage.
The adder is moderately wounded.
The adder bites you.
You die...

# . #....##...# #.##.
#....##.#.#
..l.#####....##)#..
#..#..........##.###
...............†.... ∆
###.##.####.###..## ∆
#..#.....#..#
#.#########†.#.#.#.#..#
..$...S@.†(......#.#..#
####.########..#.# #..#
..# #..# #... ...#
.###.##.# .. . ... .##
...


You could see an adder.

Vanquished Creatures
  The ghost of Yermak the Insei, a weakling DgTm (D:3)
  An adder (D:3)
  2 dart slugs
  2 leopard geckos (D:1)
  3 orcs (D:3)
  A hobgoblin (D:1)
  A kobold (D:1)
  3 frilled lizards
  A rat (D:1)
15 creatures vanquished.

Notes
Turn   | Place    | Note
-------+----------+-------------------------------------------
     0 | D:1      | tidbits the Gnoll Wanderer began the quest for the Orb.
     0 | D:1      | tidbits set off with: a +2 leather armour, the Catalogue of Enchantment, the Catalogue of Evil, a +0 club, a +0 dagger, a bread ration
     0 | D:1      | Reached XP level 1. HP: 13/13 MP: 4/4
     0 | D:1      | Identified the Catalogue of Enchantment
     0 | D:1      | Identified the Catalogue of Evil
     9 | D:1      | Noticed an ogre
   111 | D:1      | Learned a level 1 spell: Animate Skeleton
   114 | D:1      | Learned a level 1 spell: Confusing Touch
   161 | D:1      | Reached XP level 2. HP: 15/19 MP: 1/5
   317 | D:3      | Noticed Yermak's ghost (weakling DgTm)
   367 | D:3      | Reached XP level 3. HP: 17/25 MP: 7/7
   385 | D:3      | Killed Yermak's ghost
   402 | D:3      | HP: 2/25 [adder (1)]
   403 | D:3      | Slain by an adder

Vault maps used:
D:1:      evilmike_arrival_come_back
D:3:      bloody_makhleb, first_bread

Action                   || total
-------------------------++-------
Melee: Unarmed           ||    54
       Bite              ||    15
       Punch             ||     2
       Dagger            ||    45
 Cast: Confusing Touch   ||     9
Evoke: Wand              ||     2
  Use: Scroll            ||     3
       Potion            ||     1
 Stab: Confused          ||     9
       Sleeping          ||     3
Armor: Leather armour    ||    19
Dodge: Dodged            ||    64

Table legend:
 A = Spawn XP
 B = Non-spawn XP
 C = Spawn XP percentage of total XP
 D = Spawn monster count
 E = Non-spawn monster count
 F = Spawn count percentage of total count
 G = Total turns spent on level
                    A         B        C        D         E        F      G
               +---------+---------+-------+---------+---------+-------+---------
         Total |       0 |      66 |   0.0 |       0 |      15 |   0.0 |   403
               +---------+---------+-------+---------+---------+-------+---------
           D:1 |       0 |      17 |   0.0 |       0 |       8 |   0.0 |   228
           D:3 |       0 |      49 |   0.0 |       0 |       7 |   0.0 |   159
               +---------+---------+-------+---------+---------+-------+---------

Table legend:
 A = Turns spent in this place as a percentage of turns spent in the entire game.
 B = Non-inter-level travel turns spent in this place as a percentage of non-inter-level travel turns spent in the entire game.
 C = Inter-level travel turns spent in this place as a percentage of turns spent in this place.
 D = Turns resting spent in this place as a percentage of non-inter-level travel turns spent in this place.
 E = Turns spent auto-exploring this place as a percentage of non-inter-level travel turns spent in this place.
 F = Non-inter-level travel turns spent in this place divided by the number of levels of this place that you've seen.
                   A       B       C       D       E      F
               +-------+-------+-------+-------+-------+----------------------
         Total | 100.0 | 100.0 |   0.0 |   0.0 |   0.0 | 134.3
       Dungeon | 100.0 | 100.0 |   0.0 |   0.0 |   0.0 | 134.3
               +-------+-------+-------+-------+-------+----------------------

Table legend:
 A = Kills in this place as a percentage of kills in entire the game.
 B = Kills by you in this place as a percentage of kills by you in the entire game.
 C = Kills by friends in this place as a percentage of kills by friends in the entire game.
 D = Other kills in this place as a percentage of other kills in the entire game.
 E = Experience gained in this place as a percentage of experience gained in the entire game.
 F = Experience gained in this place divided by the number of levels of this place that you have seen.
                   A       B       C       D       E      F
               +-------+-------+-------+-------+-------+----------------------
         Total | 100.0 | 100.0 |   N/A |   N/A | 100.0 |  22.0
       Dungeon | 100.0 | 100.0 |   N/A |   N/A | 100.0 |  22.0
               +-------+-------+-------+-------+-------+----------------------

Vault maps used:
D:1:      evilmike_arrival_come_back
D:3:      bloody_makhleb, first_bread
